 Dungeon Crawl Stone Soup version 0.20.1-1-g8b1a95d (webtiles) character file.

105 fili the Skirmisher (level 4, -3/42 HPs)
             Began as a Minotaur Abyssal Knight on Sept 16, 2017.
             Was a Follower of Lugonu.
             Slain by a gnoll
             ... wielding a +0 spear
              (6 damage)
             ... on level 3 of the Dungeon.
             The game lasted 00:06:57 (1686 turns).

fili the Skirmisher (Minotaur Abyssal Knight)       Turns: 1686, Time: 00:06:58

Health: -3/42      AC:  5    Str: 18    XL:     4   Next: 54%
Magic:  4/4        EV: 10    Int:  9    God:    Lugonu [*.....]
Gold:   106        SH:  0    Dex:  9    Spells: 3/3 levels left

rFire    . . .     SeeInvis .   a - +1 hand axe
rCold    . . .     Gourm    .   (no shield)
rNeg     . . .     Faith    .   q - +0 ring mail
rPois    .         Spirit   .   (helmet restricted)
rElec    .         Reflect  .   (no cloak)
rCorr    .         Harm     .   (no gloves)
MR       .....                  (no boots)
Stlth    ..........             (no amulet)
Regen    0.2/turn               (no ring)
MPRegen  0.1/turn               (no ring)

@: no status effects
A: retaliatory headbutt, horns 2
a: Depart the Abyss, Renounce Religion


You were on level 3 of the Dungeon.
You worshipped Lugonu.
Lugonu was aware of your devotion.
You were hungry.

You visited 1 branch of the dungeon, and saw 3 of its levels.
You visited the Abyss 1 time.

You collected 106 gold pieces.

Inventory:

Hand Weapons
 a - a +1 hand axe (weapon)
 m - a +0 whip
Armour
 b - a +0 leather armour
 q - a +0 ring mail (worn)
Scrolls
 g - a scroll of fear {unknown}
 k - a scroll of magic mapping {unknown}
 l - a scroll of enchant weapon {unknown}
 n - 3 scrolls of enchant armour {unknown}
 o - a scroll of noise {unknown}
 r - 2 scrolls of identify {unknown}
 t - a scroll of teleportation {unknown}
Potions
 d - 2 potions of haste {unknown}
 e - a potion of might {unknown}
 h - a potion of agility {unknown}
 i - a potion of mutation {unknown}
 j - a potion of resistance {unknown}
 p - 2 potions of flight {unknown}
 s - a potion of invisibility {unknown}
Comestibles
 c - 2 bread rations
 f - 4 chunks of flesh
 u - a meat ration


   Skills:
 + Level 5.3 Fighting
 + Level 4.3 Axes
 - Level 2.4 Armour
 - Level 1.1 Dodging
 - Level 1.7 Invocations


You had 3 spell levels left.
You didn't know any spells.

Dungeon Overview and Level Annotations

Branches:
Dungeon (3/15)

Altars:
Fedhas
The Shining One


Innate Abilities, Weirdness & Mutations

You reflexively headbutt those who attack you in melee.
You have a pair of horns on your head.


Message History

You are feeling hungry.
You hit the gnoll but do no damage.
You headbutt the gnoll, but do no damage.
The gnoll is severely wounded.
The gnoll hits you but does no damage.
The gnoll hits you from afar with a spear.
* * * LOW HITPOINT WARNING * * *
You hit the gnoll but do no damage.
The gnoll is severely wounded.
The gnoll closely misses you. The gnoll barely misses you.
You barely miss the gnoll.
The gnoll is severely wounded.
The gnoll hits you.
* * * LOW HITPOINT WARNING * * *
The gnoll closely misses you.
You hit the gnoll but do no damage.
The gnoll is severely wounded.
The gnoll hits you but does no damage.
The gnoll hits you from afar with a spear.
You die...

# .# ##..###
####gg....#
#..@)......
#.##.......
#.# ......#
#.##....?.#
#..#......#
##.#......#
#.#..?...#
#.####.....#
####.## #.#


You could see 2 gnolls.

Vanquished Creatures
  A gnoll (D:3)
  4 adders
  2 oozes (D:1)
  A worm (D:2)
  3 dart slugs (D:1)
  2 leopard geckos
  An orc (D:3)
  6 bats
  2 goblins
  3 hobgoblins
  4 jackals (D:1)
  A quokka (D:1)
  A frilled lizard (D:1)
  A jackal zombie (D:3)
  5 kobolds
  6 rats
43 creatures vanquished.

Notes
Turn   | Place    | Note
-------+----------+-------------------------------------------
     0 | Abyss:1  | fili the Minotaur Abyssal Knight began the quest for the Orb.
     0 | Abyss:1  | Reached XP level 1. HP: 19/19 MP: 1/1
    84 | Abyss:1  | Noticed a small abomination
    88 | Abyss:1  | Noticed a neqoxec
    89 | D:1      | Escaped the Abyss
   115 | D:1      | Found a glowing golden altar of the Shining One.
   256 | D:1      | Reached skill level 4 in Fighting
   256 | D:1      | Reached XP level 2. HP: 18/27 MP: 2/2
   311 | D:1      | Reached * piety under Lugonu
   773 | D:1      | Reached XP level 3. HP: 32/34 MP: 3/3
  1026 | D:2      | Found a faded altar of an unknown god.
  1518 | D:3      | Found a blossoming altar of Fedhas.
  1527 | D:3      | Reached skill level 5 in Fighting
  1527 | D:3      | Reached XP level 4. HP: 42/42 MP: 4/4
  1685 | D:3      | HP: 2/42 [gnoll (5)]
  1686 | D:3      | Slain by a gnoll

Skill      XL: |  1  2  3 |
---------------+----------+-----
Fighting       | 4 5 |  5.3
Axes           | 3 4 |  4.3
Armour         | |  2.4
Dodging        | |  1.1
Invocations    | |  1.7

Action                   |  1- 3 |  4- 6 || total
-------------------------+-------+-------++-------
Melee: Hand axe          |    80 |    28 ||   108
       Headbutt          |    12 |     7 ||    19
Invok: Depart the Abyss  |     1 |       ||     1
  Eat: Chunk             |     2 |       ||     2
Armor: Leather armour    |    10 |       ||    10
       Ring mail         |    12 |    15 ||    27
Dodge: Dodged            |    49 |    29 ||    78
